cohdb
Replays
Latest Replays
All Replays
Popular Replays
Top Player Replays
Match Explorer
How It Works
Community
CoH3 Stats
Reddit
Sign in to upload your games and track your stats! →
Sign in with Steam
Match 47133143
Unlisted
Match 47133143
Overview
Messages
Build Orders
End
Kradschützen Motorcycle Team
Panzergrenadier Squad
Panzergrenadier Squad
Panzergrenadier Squad
Selects Armored Support Battlegroup
Construct Light Support Kompanie
Fire Support Elements
Flakvierling Half-track
Selects Veteran Gunners
Selects Salvage Kits
Pak 38 Mechanized Group
Veteran Squad Leaders
Vehicle Survival Package
Construct Panzerarmee Kommand
Panzer III L Medium Tank
[PD]Folscher
Apache
[PD]Bimbi
[PD]DerSchonWieder
TYRONE
Jew
DerBounzer
micpop3
0
0
Comments
sign in to comment!
No comments posted yet!